 Dungeon Crawl Stone Soup version 0.29.1-1-gd02db6906a (webtiles) character file.

Game seed: 16203693981466648665

275 EvilAshe the Firebug (level 6, -13/47 HPs)
             Began as a Mummy Cinder Acolyte on Sept 18, 2022.
             Was a High Priest of Ignis.
             Mangled by an ogre
             ... wielding a +0 giant spiked club
              (23 damage)
             ... on level 4 of the Dungeon.
             The game lasted 00:06:50 (2033 turns).

EvilAshe the Firebug (Mummy Cinder Acolyte)         Turns: 2033, Time: 00:06:50

Health: -13/47     AC:  6    Str: 17    XL:     6   Next: 3%
Magic:  3/11       EV: 10    Int: 16    God:    Ignis [*****.]
Gold:   76         SH:  0    Dex:  7    Spells: 9/12 levels left

rFire   + . .      SeeInvis .   a - -1 spear (flame)
rCold   + . .      Faith    .   (no shield)
rNeg    + + +      Spirit   .   g - +0 ring mail {rF+}
rPois   ∞          Reflect  .   (no helmet)
rElec   .          Harm     .   (no cloak)
rCorr   .          Rampage  .   (no gloves)
Will    .....                   f - +0 pair of boots
Stlth   ..........              (no amulet)
HPRegen 0.15/turn               (no ring)
MPRegen 0.12/turn               (no ring)

@: very slightly contaminated
A: cold resistance 1, negative energy resistance 3, torment resistance 2, heat
vulnerability 1, in touch with death 1, no potions
a: Renounce Religion, Fiery Armour, Foxfire Swarm, Rising Flame


You were on level 4 of the Dungeon.
You worshipped Ignis.
Ignis was extremely pleased with you.
You visited 1 branch of the dungeon, and saw 5 of its levels.

You collected 76 gold pieces.

Inventory:

Hand Weapons
 a - a -1 spear of flaming (weapon)
Armour
 c - a +0 leather armour
 f - a +0 pair of boots (worn)
 g - a +0 ring mail of fire resistance (worn)
Scrolls
 b - a scroll of vulnerability {unknown}
 d - a scroll of magic mapping {unknown}
 h - 2 scrolls of amnesia {unknown}
 i - a scroll of immolation {unknown}
 j - a scroll of butterflies {unknown}


   Skills:
 - Level 3.0 Fighting
 + Level 3.4 Polearms
 + Level 3.7 Spellcasting
 * Level 4.3 Fire Magic


You had 9 spell levels left.
You knew the following spells:

 Your Spells              Type           Power      Damage    Failure   Level
a - Scorch                Fire           32%        2d7       9%          2
b - Summon Small Mammal   Summ           8%         N/A       32%         1

Your spell library contained the following spells:

 Spells                   Type           Power      Damage    Failure   Level
 Call Canine Familiar     Summ           2%         N/A       67%         3
 Summon Guardian Golem    Hex/Summ       2%         N/A       67%         3


Dungeon Overview and Level Annotations

Branches:
Dungeon (5/15)
 Temple: D:4-7

Altars:

Annotations:
D:1 Rfire
D:2 Sigmund


Innate Abilities, Weirdness & Mutations

You are immune to poison.
Your flesh is cold resistant. (rC+)
You are immune to negative energy. (rN+++)
You are immune to unholy pain and torment.
You are vulnerable to heat. (rF-)
You are in touch with the powers of death.
You do not drink.


Message History

The ogre shouts!
Casting: Scorch (safe; 9% risk of failure)
Confirm with . or Enter, or press ? or * to list all spells.
You can't see any susceptible monsters within range! (Use Z to cast anyway.) Throw: 2 darts (poison)
Press: ? - help, Q - select action, (/) - cycle Shift-Dir - straight line, f - ogre
Aim: an ogre, wielding a +0 giant spiked club (70% to hit)
You throw a poisoned dart. The poisoned dart hits the ogre.
Casting: Scorch (safe; 9% risk of failure)
Confirm with . or Enter, or press ? or * to list all spells.
You can't see any susceptible monsters within range! (Use Z to cast anyway.) Throw: dart (poison)
Press: ? - help, Q - select action, (/) - cycle Shift-Dir - straight line, f/p - ogre
Aim: an ogre, wielding a +0 giant spiked club (70% to hit)
You throw a poisoned dart. The poisoned dart hits the ogre.
The ogre is poisoned.
Casting: Scorch (safe; 9% risk of failure)
Confirm with . or Enter, or press ? or * to list all spells.
Flames lash the ogre.
The ogre is moderately wounded.
The ogre's fire resistance burns away.
Casting: Scorch (safe; 9% risk of failure)
Confirm with . or Enter, or press ? or * to list all spells.
Flames lash the ogre.
The ogre is burned terribly!
The ogre is severely wounded.
The ogre hits you with a +0 giant spiked club!!
Ouch! That really hurt!
The ogre hits you with a +0 giant spiked club!
* * * LOW HITPOINT WARNING * * *
Casting: Scorch (safe; 9% risk of failure)
Confirm with . or Enter, or press ? or * to list all spells.
You miscast Scorch.
You are very lightly contaminated with residual magic.
Nothing appears to happen.
Casting: Scorch (safe; 9% risk of failure)
Confirm with . or Enter, or press ? or * to list all spells.
Flames lash the ogre.
The ogre is severely wounded.
The ogre hits you with a +0 giant spiked club!!
You die...

#. ###........ .#
...##..####..#.####
. .
...................
#. #.
.(##..######..###.
#..#.##(.... #.##
#.......##.#######.#
#..................#
.......O##...#####.#
#.@.>.### #.#
#...##.# ...
###.##.# ##.# #.##.#
.# #.##.# .. ..##.#
.# ####.. ###


You could see an ogre (poisoned, combustible).

Vanquished Creatures
  Eustachio (D:4)
  A bullfrog (D:3)
  A jelly (D:4)
  A worm (D:4)
  2 dart slugs
  An orc (D:4)
  3 ball pythons
  7 endoplasms
  2 giant cockroaches
  4 goblins
  3 hobgoblins
  3 jackals (D:3)
  A bat (D:1)
  2 frilled lizards (D:1)
  5 kobolds
  5 rats
42 creatures vanquished.

Notes
Turn   | Place    | Note
-------+----------+-------------------------------------------
     0 | D:1      | EvilAshe the Mummy Cinder Acolyte began the quest for the
                  | Orb.
     0 | D:1      | Reached XP level 1. HP: 18/18 MP: 2/2
   249 | D:1      | Reached XP level 2. HP: 24/24 MP: 4/4
   334 | D:1      | Learned a level 2 spell: Scorch
   598 | D:1      | Found a faded altar of an unknown god.
   608 | D:1      | Learned a level 1 spell: Summon Small Mammal
   863 | D:2      | Reached skill level 3 in Fire Magic
   937 | D:2      | Noticed Sigmund
  1008 | D:2      | Gained mutation: You are in touch with the powers of death.
                  | [Mummy growth]
  1008 | D:2      | Reached XP level 3. HP: 29/29 MP: 6/6
  1529 | D:2      | You fall into a shaft and drop 2 floors!
  1608 | D:4      | Reached XP level 4. HP: 35/35 MP: 4/7
  1625 | D:5      | Entered Level 5 of the Dungeon
  1625 | D:5      | Noticed a black bear
  1702 | D:4      | Noticed Eustachio
  1713 | D:4      | Killed Eustachio
  1714 | D:4      | Reached skill level 4 in Fire Magic
  1714 | D:4      | Reached XP level 5. HP: 32/41 MP: 0/10
  1846 | D:3      | Reached XP level 6. HP: 42/47 MP: 3/11
  2033 | D:4      | Mangled by an ogre

Illustrated notes

Levels and vault maps discovered:
D:1:      nicolae_arrival_washed_ashore, layout_basic,
          ebering_ecumenical_altar_webs, lemuel_flame_loot_1
D:2:      layout_basic, nicolae_kite_square_tiling_tiny, minmay_hedge_maze,
          uniq_robin, uniq_sigmund
D:3:      layout_basic, mrwooster_statue_mirror, roderic_batcave
D:4:      layout_basic, uniq_eustachio
D:5:      lemuel_ice_spiral_2, layout_basic, nicolae_xom_altar_mimics

Skill      XL: |  1  2  3  4 |
---------------+-------------+-----
Spellcasting   | 2 3 |  3.7
Fire Magic     | 3 4 |  4.3
Polearms       | 3 |  3.4
Fighting       | |  3.0

Action                   |  1- 3 |  4- 6 || total
-------------------------+-------+-------++-------
Melee: Spear             |    87 |    13 ||   100
       Punch             |     1 |       ||     1
Throw: Dart              |       |     2 ||     2
 Cast: Scorch            |    11 |    15 ||    26
Armor: Leather armour    |    11 |       ||    11
       Robe              |     2 |       ||     2
       Ring mail         |       |     4 ||     4
Dodge: Dodged            |    32 |     6 ||    38
